 Dungeon Crawl Stone Soup version 0.27.1-33-g824d729ab1 (webtiles) character file.

Game seed: 15310309507890322101

2430 Kinoniko the Cleaver (level 9, -21/69 (70) HPs)
             Began as a Minotaur Berserker on Dec 14, 2021.
             Was an Elder of Trog.
             Shot with an arrow by a centaur warrior (23 damage)
             ... on level 8 of the Dungeon.
             The game lasted 00:08:03 (6988 turns).

Kinoniko the Cleaver (Minotaur Berserker)           Turns: 6988, Time: 00:08:04

HP:   -21/69 (70)   AC: 12    Str: 25    XL:     9   Next: 24%
MP:   8/8           EV:  8    Int:  4    God:    Trog [****..]
Gold: 212           SH:  0    Dex: 10    Spells: 8/8 levels left

rFire    . . .     SeeInvis .   a - +1 hand axe (vorpal)
rCold    + . .     Faith    .   (no shield)
rNeg     . . .     Spirit   .   q - +1 chain mail {rC+}
rPois    .         Reflect  .   (helmet restricted)
rElec    .         Harm     .   (no cloak)
rCorr    .         Rampage  .   p - +2 pair of gloves
Will     .....                  (no boots)
Stlth    ..........             (no amulet)
HPRegen  0.21/turn              n - +4 ring of slaying
MPRegen  0.11/turn              (no ring)

@: on berserk cooldown, slowed, studying Stealth, lightly drained, very slow
A: horns 2, retaliatory headbutt
a: Renounce Religion, Berserk, Trog's Hand, Brothers in Arms


You were on level 8 of the Dungeon.
You worshipped Trog.
Trog was greatly pleased with you.
You visited 1 branch of the dungeon, and saw 8 of its levels.

You collected 212 gold pieces.

Inventory:

Hand Weapons
 a - a +1 vorpal hand axe (weapon)
Armour
 g - a +0 plate armour
 p - a +2 pair of gloves (worn)
 q - a +1 chain mail of cold resistance (worn)
Jewellery
 n - a +4 ring of slaying (left hand)
Wands
 j - a wand of polymorph (9)
Scrolls
 i - 2 scrolls of teleportation
 l - a scroll of fear
 m - a scroll of torment
 s - 2 scrolls of vulnerability
Potions
 b - a potion of attraction
 d - 2 potions of degeneration {unknown}
 e - 2 potions of brilliance
 f - a potion of berserk rage {unknown}
 h - a potion of ambrosia {unknown}
 k - a potion of invisibility {unknown}
 o - a potion of might {unknown}
 r - 2 potions of curing {unknown}


   Skills:
 - Level 3.6 Fighting
 * Level 14.5 Axes
 - Level 2.4 Armour
 - Level 2.1 Dodging


You had 8 spell levels left.
You didn't know any spells.
Your spell library was empty.

Dungeon Overview and Level Annotations

Branches:
Dungeon (8/15)             Temple (0/1) D:6
   Lair: D:8-11

Altars:
Ashenzari
Elyvilon
Makhleb
Qazlal
Sif Muna
Wu Jian
Xom
Zin

Annotations:
D:3 2 transporters, spimroxx's ghost, amateur DgCj
D:8 Joseph


Innate Abilities, Weirdness & Mutations

You have a pair of horns on your head.
You reflexively headbutt those who attack you in melee.


Message History

The centaur shouts!
The centaur wields a +0 shortbow.
The centaur shoots an arrow.
The arrow hits you!
A centaur warrior comes into view.
The centaur shoots an arrow.
The arrow closely misses you.
A wight and Joseph come into view.
Joseph shouts!
The centaur warrior wields a +0 longbow.
The centaur warrior shoots an arrow.
The arrow hits you.
The centaur shoots an arrow.
The arrow hits you.
The centaur warrior shoots an arrow.
The arrow hits you!
Found an encrusted silver wand.
The centaur warrior shoots an arrow.
The arrow hits you!
The centaur warrior shoots an arrow.
The arrow hits you!
You are too injured to fight recklessly!
You are too injured to fight recklessly!
You are too injured to fight recklessly!
You are too injured to fight recklessly!
Unknown command.
The centaur shoots an arrow.
The arrow closely misses you.
The centaur warrior shoots an arrow.
The arrow closely misses you. The wight completely misses you.
The centaur shoots an arrow.
The arrow hits you but does no damage.
The centaur warrior shoots an arrow.
The arrow closely misses you. The wight closely misses you.
Joseph closely misses you.
Unknown command.
You feel much better.
The centaur shoots an arrow.
The arrow hits you!
The centaur warrior shoots an arrow.
The arrow hits you!!
The centaur shoots an arrow.
The arrow closely misses you.
The arrow misses Joseph.
The wight hits you with a +0 mace.
You feel drained. Joseph hits you with a +0 quarterstaff.
The centaur warrior shoots an arrow.
The arrow completely misses you.
The centaur shoots an arrow.
The arrow hits you!
* * * LOW HITPOINT WARNING * * *
The centaur warrior shoots an arrow.
The arrow hits you!
* * * LOW HITPOINT WARNING * * *
The centaur shoots an arrow.
The arrow closely misses you.
The arrow hits Joseph.
The wight hits you but does no damage. Joseph barely misses you.
The centaur warrior shoots an arrow.
The arrow hits you!!
You die...

.. ../.. #... ..#.. .
##..c##..#.#
..#.<...##c..
..c....#.. . .
.....#..# .#...
#...##.###.....
##...#..@z......
..##......##@##....
.............).##..# .
........#.....)))..#
.......#........#......
.......##.##..).##.....
.......######.### .....
#......##.....##. .....
.....#..#........... .#


You could see Joseph, a centaur warrior, a centaur and a wight.

Vanquished Creatures
  An unseen horror (D:6)
  Menkaure (D:5)
  A sky beast (D:6)
  2 black bears (D:6)
  A hornet zombie (D:7)
  An ogre (D:5)
  2 necrophages (D:5)
  3 centaurs
  A gnoll sergeant (D:6)
  A scorpion (D:6)
  2 wyvern skeletons (D:7)
  A wyvern zombie (D:7)
  3 killer bees (D:7)
  2 wights (D:8)
  3 centaur zombies
  A hound (D:4)
  2 centaur skeletons
  2 jellies
  An orc priest (D:4)
  2 bullfrog skeletons (D:7)
  3 orc wizards
  Terence (D:2)
  A hound skeleton (D:4)
  A mummy (D:5)
  5 gnolls (D:6)
  A howler monkey skeleton (D:5)
  5 adders
  A river rat (D:6)
  A white imp (D:7)
  4 ufetubi
  An adder skeleton (D:4)
  A worm (D:2)
  6 dart slugs
  12 orcs
  5 endoplasms
  4 giant cockroaches
  8 goblins
  6 hobgoblins
  3 jackals (D:4)
  10 quokkas
  8 ball pythons
  6 bats
  6 frilled lizards
  6 kobolds
  10 rats
  A spectral goblin (D:2)
149 creatures vanquished.

Vanquished Creatures (others)
  7 plants
7 creatures vanquished.

Grand Total: 156 creatures vanquished

Notes
Turn   | Place    | Note
-------+----------+-------------------------------------------
     0 | D:1      | Kinoniko the Minotaur Berserker began the quest for the
                  | Orb.
     0 | D:1      | Reached XP level 1. HP: 19/19 MP: 0/0
   149 | D:1      | Reached skill level 4 in Axes
   254 | D:1      | Reached XP level 2. HP: 26/26 MP: 1/1
   744 | D:1      | Reached skill level 5 in Axes
  1121 | D:2      | Reached ** piety under Trog
  1122 | D:2      | Reached XP level 3. HP: 31/31 MP: 2/2
  1469 | D:2      | Noticed Terence
  1473 | D:2      | Killed Terence
  1474 | D:2      | Reached skill level 6 in Axes
  1474 | D:2      | Reached XP level 4. HP: 39/39 MP: 3/3
  1996 | D:2      | Found a faded altar of an unknown god.
  2135 | D:3      | Found a burning altar of Makhleb.
  2150 | D:3      | Found a transporter.
  2761 | D:3      | Found a transporter.
  2767 | D:3      | Identified the +8 halberd "Duyjidu" {elec, rC- rN+ Dex+4}
  2790 | D:3      | Noticed spimroxx's ghost (amateur DgCj)
  2847 | D:4      | Reached skill level 7 in Axes
  2847 | D:4      | Reached XP level 5. HP: 45/45 MP: 4/4
  2955 | D:4      | Found a white marble altar of Elyvilon.
  2965 | D:4      | Reached *** piety under Trog
  3077 | D:4      | Found a stormy altar of Qazlal.
  3081 | D:4      | Noticed a fire elemental
  3083 | D:4      | Noticed an air elemental
  3083 | D:4      | Noticed a water elemental
  3097 | D:4      | Reached skill level 8 in Axes
  3263 | D:4      | Noticed a centaur
  3273 | D:4      | Killed a centaur
  3274 | D:4      | Reached XP level 6. HP: 51/51 MP: 5/5
  3401 | D:5      | Entered Level 5 of the Dungeon
  3414 | D:5      | Reached skill level 9 in Axes
  3434 | D:5      | Found a broken altar of Ashenzari.
  3450 | D:5      | Reached XP level 7. HP: 57/57 MP: 6/6
  3504 | D:5      | Found a sand-covered staircase.
  3517 | D:5      | Found a shimmering blue altar of Sif Muna.
  3610 | D:5      | Reached skill level 10 in Axes
  3834 | D:5      | Found an ornate altar of the Wu Jian Council.
  3852 | D:5      | Noticed Menkaure
  3857 | D:5      | Killed Menkaure
  4136 | D:5      | Found a glowing silver altar of Zin.
  4367 | D:5      | Reached skill level 11 in Axes
  4512 | D:6      | Reached XP level 8. HP: 54/64 MP: 7/7
  4591 | D:6      | Found a shimmering altar of Xom.
  4681 | D:6      | Reached skill level 12 in Axes
  5000 | D:6      | Found a staircase to the Ecumenical Temple.
  5480 | D:6      | Reached **** piety under Trog
  5657 | D:6      | Identified the +0 rapier of Gyakhorch {antimagic, rPois
                  | Dex+4}
  6029 | D:6      | Killed an unseen horror
  6030 | D:6      | Reached skill level 13 in Axes
  6370 | D:7      | Reached XP level 9. HP: 53/70 MP: 8/8
  6421 | D:7      | Reached skill level 14 in Axes
  6983 | D:8      | Noticed a centaur warrior
  6984 | D:8      | Noticed Joseph
  6988 | D:8      | HP: 2/69 [centaur warrior/arrow (13)]
  6988 | D:8      | Shot with an arrow by a centaur warrior

Illustrated notes

Levels and vault maps discovered:
D:1:      dpeg_arrival_rooms_b, layout_basic
D:2:      layout_basic, dreamdust_ecumenical_altar_drowned_temple, uniq_terence
D:3:      layout_loops_ring, bloody_makhleb, gammafunk_ghost_gnarly_gnolls,
          corexii_item_surrounded_by_moat, amcnicky_mini_rare_corridor_liquid
D:4:      layout_rooms, nicolae_qazlal_style_of_elements, elyvilon_altar_5,
          minmay_manual_monstrance
D:5:      layout_gridville, mainiacjoe_overflow_surrounded_room, led_sif_pool,
          nzn_wu_jian_council_hall, overflow_temple_1_default,
          gup_ossuary_entry_pyramid, kennysheep_decorative_pillar, uniq_menkaure
D:6:      layout_loops_corners, lemuel_round_altar, minmay_temple_entry_mist,
          gup_sewer_entry_spiral, serial_bayou_lagoon_a
D:7:      layout_cave_pools
D:8:      layout_cave_pools, uniq_joseph

Skill      XL: |  1  2  3  4  5  6  7  8  9 |
---------------+----------------------------+-----
Axes           | 4 5 6 7 8 9 11 13 14 | 14.5
Fighting       | |  3.6
Armour         | |  2.4
Dodging        | |  2.1

Action                   |  1- 3 |  4- 6 |  7- 9 || total
-------------------------+-------+-------+-------++-------
Melee: Hand axe          |    64 |   124 |   166 ||   354
       Headbutt          |    12 |    18 |    38 ||    68
Invok: Berserk           |     2 |     2 |     5 ||     9
       Brothers in Arms  |       |       |     1 ||     1
  Use: Scroll            |       |     4 |     8 ||    12
       Potion            |       |       |     3 ||     3
Armor: Animal skin       |     6 |       |       ||     6
       Scale mail        |    10 |       |       ||    10
       Plate armour      |    10 |    98 |    89 ||   197
       Chain mail        |       |       |    15 ||    15
Dodge: Dodged            |    33 |    30 |    57 ||   120
